AoeStats
← NoWallNoSkill5578

Arena

509379041Analyzed
2v2 RM · 4d ago on Sep 26, 2026· 42m 21s· 4 players
Game mode
Random Map
Map size
Medium (4 player)
Population
200
Speed
Normal
Resources
Standard
Victory
Conquest
Starting age
Dark Age
Ending age
Imperial Age
RankedLock teamsTeams togetherTeam positionsShared explorationLock speedFull tech treeHidden civsTurbo modeCheats
Victory
Defeat
🇳🇱 Danes · Netherlands
1332
+15
🇲🇹 Portuguese · Malta
1224
+20
🇧🇪 Ethiopians · Belgium
1324
-18
🇫🇷 Bohemians · France
1298
-17
Thekinghimself
10:25 Feudal Age
14:10 Castle Age
13:32 Double-Bit Axe
14:41 Horse Collar
17:25 Bow Saw
19:40 Loom
23:08 Wheelbarrow
27:18 Imperial Age
25:33 Gold Mining
26:03 Town Watch
26:39 Hand Cart
26:14 Town Watch
29:23 Town Patrol
31:04 Onager
31:40 Elite Organ Gun
33:06 Conscription
34:29 Heavy Plow
35:30 Two-Man Saw
35:47 Chemistry
35:08 Ballistics
37:27 Treadmill Crane
37:53 Padded Archer Armor
40:10 Masonry
40:39 Arquebus
40:45 Circumnavigation
BrintaTim
10:14 Feudal Age
11:01 Loom
13:25 Fletching
17:26 Castle Age
20:53 Double-Bit Axe
22:58 Horse Collar
25:48 Wheelbarrow
25:46 Pikeman
29:24 Bow Saw
29:31 Hand Cart
31:28 Town Watch
32:36 Bodkin Arrow
33:13 Heavy Plow
34:52 Scale Mail Armor
40:49 Imperial Age
38:38 Chain Mail Armor
38:33 Forging
41:43 Iron Casting
41:09 Gold Mining
42:39 Plate Mail Armor
42:15 Squires
42:08 Arson
42:52 Conscription
NoWallNoSkill5578
5:06 Loom
5:22 Loom
8:33 Feudal Age
12:23 Fletching
15:11 Horse Collar
16:21 Double-Bit Axe
21:15 Castle Age
19:58 Padded Archer Armor
22:21 Bow Saw
23:04 Fervor
24:31 Wheelbarrow
25:49 Heavy Plow
26:56 Hand Cart
27:30 Redemption
33:46 Imperial Age
31:30 Bodkin Arrow
32:58 Leather Archer Armor
33:25 Crossbowman
34:30 Bracer
34:23 Arbalester
36:36 Ring Archer Armor
37:47 Chemistry
Zelkiod
8:05 Loom
10:51 Feudal Age
10:55 Feudal Age
18:07 Castle Age
16:23 Double-Bit Axe
16:51 Stone Mining
18:37 Fletching
18:50 Gold Mining
18:23 Crossbowman
19:59 Bow Saw
25:02 Bodkin Arrow
27:40 Thumb Ring
29:23 Wheelbarrow
31:19 Hand Cart
33:25 Ballistics
33:47 Gold Shaft Mining
36:38 Imperial Age
36:42 Arbalester
38:27 Chemistry
Connection lost

Rejoining the realm…

Still unreachable

The connection could not be restored.

Session expired

The server has moved on; the page needs a fresh start.